 Dungeon Crawl Stone Soup version 0.19.0 (webtiles) character file.

239 Danakh the Skirmisher (level 5, -1/35 (38) HPs)
             Began as a Demonspawn Chaos Knight on Oct 31, 2016.
             Was an Initiate of Hepliaklqana.
             Slain by Edmund
             ... wielding a +0 flail of holy wrath
              (5 damage)
             ... on level 5 of the Dungeon on Nov 2, 2016.
             The game lasted 00:12:49 (2918 turns).

Danakh the Skirmisher (Demonspawn Chaos Knight)     Turns: 2918, Time: 00:12:50

HP:   -1/35 (38)    AC:  7    Str: 13 (14) XL:     5   Next: 79%
MP:   5/5           EV:  9    Int: 13      God:    Hepliaklqana [......]
Gold: 196           SH:  5    Dex: 12      Spells: 0 memorised, 4 levels left

rFire  . . .     SeeInvis .     a - +0 hand axe (chaos) (curse)
rCold  + . .     Gourm    .     r - +0 scale mail (curse)
rNeg   . . .     Faith    .     (no shield)
rPois  .         Spirit   .     e - +0 helmet (curse)
rElec  .         Reflect  +     (no cloak)
rCorr  .         Harm     .     (no gloves)
MR     .....                    (no boots)
Stlth  ..........               g - +5 amulet of reflection (curse)
                                (no ring)
                                m - ring of protection from cold

@: very slow
A: reduced essence, hooves 2, blurry vision 1, high mp 1
a: Recall Ancestor, Ancestor Identity, Renounce Religion


You were on level 5 of the Dungeon.
You worshipped Hepliaklqana.
Hepliaklqana was noncommittal.
You were very hungry.

You visited 2 branches of the dungeon, and saw 6 of its levels.

You collected 196 gold pieces.

Inventory:

Hand Weapons
 a - a cursed +0 hand axe of chaos (weapon)
Armour
 b - a cursed +2 leather armour
 e - a cursed +0 helmet (worn)
 p - a cursed +0 ring mail
 r - a cursed +0 scale mail (worn)
Jewellery
 g - a cursed +5 amulet of reflection (around neck)
 m - a ring of protection from cold (left hand)
 t - a cursed amulet of inaccuracy {unknown}
Scrolls
 d - a scroll of amnesia {unknown}
 f - 2 scrolls of enchant weapon {unknown}
 i - 2 scrolls of random uselessness {unknown}
 j - a scroll of enchant armour {unknown}
 n - 2 scrolls of fear {unknown}
 o - 2 scrolls of immolation {unknown}
 q - 2 scrolls of identify {unknown}
Potions
 h - 2 potions of heal wounds {unknown}
 l - 2 potions of brilliance {unknown}
 s - a potion of haste {unknown}
Comestibles
 c - 3 bread rations
 k - 6 fruits


   Skills:
 + Level 4.4 Fighting
 * Level 4.2 Axes
 + Level 2.5 Armour
 - Level 1.6 Dodging
 - Level 1.2 Stealth


You had 4 spell levels left.
You didn't know any spells.

Dungeon Overview and Level Annotations

Branches:
Dungeon (5/15)             Temple (1/1) D:4

Altars:
Cheibriados
Fedhas
Gozag
Hepliaklqana
Trog

Annotations:
D:5 Edmund


Innate Abilities, Weirdness & Mutations

You have hoof-like feet.
Your life essence is reduced. (-10% HP)
Scrolls take you a little longer to read.
You have an increased reservoir of magic. (+10% MP)


Message History

You completely miss Edmund. Your kick misses Edmund.
Edmund is heavily wounded.
Ilshubani hits Edmund.
Edmund barely misses you.
Ilshubani hits Edmund but does no damage.
You catch the helpless Edmund completely off-guard!
You hit Edmund.
Edmund flickers and vanishes!
Deactivating autopickup; reactivate with Ctrl-A.
Ilshubani hits something but does no damage.
Something hits Ilshubani.
Ilshubani hits something but does no damage.
Something hits Ilshubani!
Ilshubani hits something but does no damage.
Something hits Ilshubani!
Ilshubani is destroyed!
You miss something. Something hits you!
You convulse.
You hit something. Your kick misses something. Something hits you!
* * * LOW HITPOINT WARNING * * *
You convulse.
You die... "It's all fun and games until someone loses an eye."

#####.......##.......#
.....#####..........##
####.# ########...# #.#
#...# # ###.#####
#...##.##. #...#...###
#.........
..###......######....###.
. #.......#..............
#...........{@..$.$....
#.......#.............#
..###....#.######........#
#.........# #...######
#####...### #...# #.....#
#...# #.#...# #...#
#.##### #... ####.########


There were no monsters in sight!

Vanquished Creatures
  A crimson imp (D:4)
  A worker ant (D:4)
  10 adders
  An ooze (D:2)
  A worm (D:3)
  3 dart slugs
  2 leopard geckos
  2 orcs (D:3)
  6 ball pythons
  6 giant cockroaches
  8 hobgoblins
  A jackal (D:3)
  5 kobolds
  A quokka (D:3)
  9 bats
  5 frilled lizards
  6 goblins
  5 rats (D:3)
73 creatures vanquished.

Vanquished Creatures (collateral kills)
  An adder (D:4)
1 creature vanquished.

Vanquished Creatures (others)
  An ancestor (D:5)
1 creature vanquished.

Grand Total: 75 creatures vanquished

Notes
Turn   | Place    | Note
-------+----------+-------------------------------------------
     0 | D:1      | Danakh the Demonspawn Chaos Knight began the quest for the Orb.
     0 | D:1      | Reached XP level 1. HP: 18/18 MP: 1/1
   105 | D:1      | Gained mutation: You have large cloven feet. [demonic ancestry]
   105 | D:1      | Reached XP level 2. HP: 24/24 MP: 2/2
   632 | D:2      | Reached skill level 1 in Dodging
   635 | D:2      | Found a blossoming altar of Fedhas.
   688 | D:2      | Found a bloodstained altar of Trog.
   692 | D:2      | Found a snail-covered altar of Cheibriados.
   700 | D:2      | Reached XP level 3. HP: 29/29 MP: 3/3
   708 | D:2      | Fell from the grace of Xom
   708 | D:2      | Became a worshipper of Cheibriados the Contemplative
  1046 | D:2      | Fell from the grace of Cheibriados
  1092 | D:2      | Became a worshipper of Cheibriados the Contemplative
  1239 | D:2      | Was placed under penance by Cheibriados
  1244 | D:2      | Fell from the grace of Cheibriados
  1247 | D:2      | Upgraded the game from 0.19-b1-3-g7dea586 to 0.19.0
  1347 | D:3      | Reached XP level 4. HP: 33/37 MP: 4/4
  1427 | D:3      | XOM: give mutations
  1427 | D:3      | Gained mutation: Scrolls take you a little longer to read. [Xom's mischief]
  1427 | D:3      | Gained mutation: You have an increased reservoir of magic. (+10% MP) [Xom's mischief]
  1673 | D:3      | Found a blossoming altar of Fedhas.
  1879 | D:3      | XOM: severe Necr miscast
  1973 | D:3      | Gained mutation: You have hoof-like feet. [demonic ancestry]
  1973 | D:3      | Reached XP level 5. HP: 39/39 MP: 5/5
  1974 | D:3      | XOM: stat loss: -3 Str (11/14)
  1994 | D:4      | Found an opulent altar of Gozag.
  2037 | D:4      | Reached skill level 1 in Stealth
  2074 | D:4      | XOM: noise
  2334 | D:4      | Found a hazy altar of Hepliaklqana.
  2344 | D:4      | Became a worshipper of Hepliaklqana the Forgotten
  2358 | D:4      | XOM: summons 3 hostile shadow creatures
  2422 | D:4      | Found a staircase to the Ecumenical Temple.
  2431 | Temple   | Entered the Ecumenical Temple
  2769 | D:5      | Entered Level 5 of the Dungeon
  2898 | D:5      | Noticed Edmund
  2918 | D:5      | Slain by Edmund

Skill      XL: |  1  2  3  4  5 |
---------------+----------------+-----
Armour         | 2 |  2.5
Dodging        | 1 |  1.6
Axes           | 3 4 |  4.2
Fighting       | 4 |  4.4
Stealth        | 1 |  1.2

Action                   |  1- 3 |  4- 6 || total
-------------------------+-------+-------++-------
Melee: Hand axe          |    90 |   202 ||   292
       Kick              |     9 |    36 ||    45
 Stab: Petrified         |       |    12 ||    12
       Confused          |       |     1 ||     1
  Eat: Chunk             |     1 |     5 ||     6
       Fruit             |       |     1 ||     1
Armor: Leather armour    |    37 |    17 ||    54
       Scale mail        |       |    73 ||    73
Dodge: Dodged            |    48 |   104 ||   152
Block: Other             |    19 |    46 ||    65
